 Dungeon Crawl Stone Soup version 0.29.0-4-gdea44cf6ec (webtiles) character file.

Game seed: 1954544801019512468

479 qw the Chopper (level 7, -10/41 HPs)
             Began as a Tengu Warper on Aug 28, 2022.
             Mangled by Blork the orc
             ... wielding a +1 halberd of protection
              (18 damage)
             ... on level 5 of the Dungeon.
             The game lasted 00:00:34 (5873 turns).

qw the Chopper (Tengu Warper)                       Turns: 5873, Time: 00:00:35

Health: -10/41     AC:  6    Str: 13    XL:     7   Next: 11%
Magic:  11/11      EV: 11    Int: 14    God:
Gold:   183        SH:  0    Dex: 13    Spells: 10/10 levels left

rFire   . . .      SeeInvis .   Y - +3 war axe
rCold   . . .      Faith    .   (no shield)
rNeg    . . .      Spirit   .   j - +0 scale mail
rPois   .          Reflect  .   (helmet restricted)
rElec   .          Harm     .   (no cloak)
rCorr   .          Rampage  .   (no gloves)
Will    .....                   (boots unavailable)
Stlth   ..........              (no amulet)
HPRegen 0.13/turn               (no ring)
MPRegen 0.12/turn               (no ring)

@: flying quickly and evasively, quick
A: beak, talons 3, nimble flight
a: no special abilities


You were on level 5 of the Dungeon.
You visited 1 branch of the dungeon, and saw 5 of its levels.

You collected 345 gold pieces.
You spent 162 gold pieces at shops.


Innate Abilities, Weirdness & Mutations

You have a beak for a mouth.
You have claws for feet.
Your magical nature lets you fly swiftly and evasively.


   Skills:
 - Level 3.1 Fighting
 + Level 7.7 Axes
 - Level 1.0 Throwing
 - Level 1.1 Armour
 - Level 2.1 Dodging
 - Level 2.0 Spellcasting
 - Level 2.4 Translocations


You had 10 spell levels left.
You didn't know any spells.
Your spell library contained the following spells:

 Spells                   Type           Power      Damage    Failure   Level
 Blink                    Tloc           16%        N/A       54%         2
 Gell's Gravitas          Tloc           8%         N/A       78%         3
 Lesser Beckoning         Tloc           8%         N/A       78%         3
 Teleport Other           Tloc           8%         N/A       78%         3
 Manifold Assault         Tloc           8%         N/A       100%        5

Inventory:

Hand Weapons
 e - a +0 flail
 Y - a +3 war axe (weapon)
Missiles
 a - 5 boomerangs (quivered)
Armour
 j - a +0 scale mail (worn)
Scrolls
 h - a scroll of enchant armour
Potions
 b - a potion of flight {unknown}
 c - a potion of curing {unknown}
 f - a potion of degeneration {unknown}
 g - a potion of attraction {unknown}
 k - a potion of might

Dungeon Overview and Level Annotations

Branches:
Dungeon (5/15)             Temple (0/1) D:5

Altars:
Hepliaklqana
Kikubaaqudgha
Qazlal
Sif Muna

Shops:
D:4 (

Annotations:
D:5 Blork the orc


Message History

Blork the orc looks braver for a moment.
5861 ||| Stepping ~*~*~tactically~*~*~ (hiding).
Blork the orc begins to cast a cantrip, but forgets the words!
5863 ||| Stepping ~*~*~tactically~*~*~ (hiding).
5865 ||| Stepping ~*~*~tactically~*~*~ (hiding).
Found a staircase to the Ecumenical Temple.
5866 ||| PLANNING TEMPLE Blork the orc mumbles some strange words.
Blork the orc seems to speed up.
You hit Blork the orc.
You claw Blork the orc, but do no damage.
Blork the orc is moderately wounded.
Blork the orc hits you with a +1 halberd of protection.
Blork the orc drinks a potion.
Blork the orc seems to grow stronger.
You hit Blork the orc but do no damage. Your kick misses Blork the orc.
Your peck misses Blork the orc.
Blork the orc is moderately wounded.
Blork the orc barely misses you. Blork the orc closely misses you.
You slash Blork the orc! You claw Blork the orc.
Blork the orc is severely wounded.
Blork the orc barely misses you.
You closely miss Blork the orc.
Blork the orc is severely wounded.
Blork the orc hits you with a +1 halberd of protection!
Blork the orc hits you with a +1 halberd of protection!!
You hit Blork the orc. Your peck misses Blork the orc.
You punch Blork the orc, but do no damage.
Blork the orc is severely wounded.
Blork the orc closely misses you. Blork the orc barely misses you.
You barely miss Blork the orc.
You peck Blork the orc, but do no damage.
Blork the orc is severely wounded.
Blork the orc hits you with a +1 halberd of protection.
You hit Blork the orc.
You claw Blork the orc, but do no damage.
You peck Blork the orc, but do no damage.
Blork the orc is severely wounded.
Blork the orc looks satisfied for a moment.
Blork the orc hits you with a +1 halberd of protection!!
You die...

....... #.#. ...>...
.... #.........#
.....##..}...}..##
..................
......#....)....# ##
......##o##.##.## ...
.......@!.......###...
...........#..........
...................#
...................#
..........>..(....##
.##.#######.##....# #.
#.##....## #
..##.....# ######...##


You could see Blork the orc (fast, strong).

Vanquished Creatures
  A necrophage (D:4)
  A hound (D:4)
  4 orc priests
  An iguana (D:4)
  3 orc wizards
  4 gnolls (D:3)
  4 adders
  3 dart slugs
  8 orcs
  5 endoplasms
  2 giant cockroaches
  3 hobgoblins
  8 jackals
  13 kobolds
  2 quokkas (D:1)
  5 ball pythons
  3 bats
  2 frilled lizards
  12 goblins
  7 rats
91 creatures vanquished.

Vanquished Creatures (others)
  An ufetubus (D:4)
1 creature vanquished.

Grand Total: 92 creatures vanquished

Notes
Turn   | Place    | Note
-------+----------+-------------------------------------------
     0 | D:1      | qw the Tengu Warper began the quest for the Orb.
     0 | D:1      | Reached XP level 1. HP: 12/12 MP: 4/4
     0 | D:1      | 0 ||| qw: Version: 0.1-a-89-g26bdef1
     0 | D:1      | 0 ||| qw: Game counter: 952
     0 | D:1      | 0 ||| qw: Always use a shield: true
     0 | D:1      | 0 ||| qw: God list: Okawaru
     0 | D:1      | 0 ||| qw: Allow faded altars: false
     0 | D:1      | 0 ||| qw: Do Orc after D:15 true
     0 | D:1      | 0 ||| qw: Do second Lair branch before Depths: true
     0 | D:1      | 0 ||| qw: Lair rune preference: random
     0 | D:1      | 0 ||| qw: Plans: Normal
     0 | D:1      | 0 ||| PLANNING D:1-11
    62 | D:1      | Reached XP level 2. HP: 10/17 MP: 6/6
    63 | D:1      | HP: 4/17 [frozen (4)]
    64 | D:1      | Reached skill level 3 in Axes
    88 | D:1      | 88 ||| Stepping ~*~*~tactically~*~*~ (stealth).
   362 | D:1      | 362 ||| DROPPING +0 whip.
   440 | D:1      | 440 ||| Stepping ~*~*~tactically~*~*~ (stealth).
   442 | D:1      | 442 ||| Stepping ~*~*~tactically~*~*~ (stealth).
   506 | D:1      | Reached XP level 3. HP: 21/21 MP: 7/7
   507 | D:1      | Found a faded altar of an unknown god.
   546 | D:1      | 546 ||| Stepping ~*~*~tactically~*~*~ (stealth).
   547 | D:1      | 547 ||| Stepping ~*~*~tactically~*~*~ (stealth).
   548 | D:1      | 548 ||| Stepping ~*~*~tactically~*~*~ (stealth).
   703 | D:1      | Reached skill level 4 in Axes
   945 | D:1      | 945 ||| UPGRADING to +0 scale mail.
   955 | D:1      | 955 ||| DROPPING +0 leather armour.
   956 | D:1      | 956 ||| READING scroll labelled RAWKELI UFRETZ.
   957 | D:1      | 957 ||| READING scroll labelled CESUENAEBI.
   958 | D:1      | 958 ||| DRINKING 2 puce potions.
   959 | D:1      | 959 ||| DROPPING scroll of blinking.
   960 | D:1      | 960 ||| DROPPING potion of invisibility.
  1131 | D:2      | 1131 ||| Stepping ~*~*~tactically~*~*~ (stealth).
  1138 | D:2      | 1138 ||| Stepping ~*~*~tactically~*~*~ (stealth).
  1213 | D:2      | 1213 ||| Stepping ~*~*~tactically~*~*~ (stealth).
  1240 | D:2      | Reached XP level 4. HP: 26/26 MP: 8/8
  1256 | D:2      | 1256 ||| FLEEEEING.
  1257 | D:2      | 1257 ||| FLEEEEING.
  1258 | D:2      | 1258 ||| FLEEEEING.
  1259 | D:2      | 1259 ||| FLEEEEING.
  1260 | D:2      | 1260 ||| FLEEEEING.
  1261 | D:2      | 1261 ||| FLEEEEING.
  1263 | D:2      | 1263 ||| FLEEEEING.
  1264 | D:2      | 1264 ||| FLEEEEING.
  1265 | D:2      | 1265 ||| FLEEEEING.
  1266 | D:2      | 1266 ||| FLEEEEING.
  1267 | D:2      | 1267 ||| FLEEEEING.
  1268 | D:2      | 1268 ||| FLEEEEING.
  1269 | D:2      | 1269 ||| FLEEEEING.
  1270 | D:2      | 1270 ||| FLEEEEING.
  1271 | D:2      | 1271 ||| FLEEEEING.
  1273 | D:2      | 1273 ||| FLEEEEING.
  1274 | D:2      | 1274 ||| FLEEEEING.
  1275 | D:2      | 1275 ||| FLEEEEING.
  1276 | D:2      | 1276 ||| FLEEEEING.
  1277 | D:2      | 1277 ||| FLEEEEING.
  1278 | D:2      | 1278 ||| FLEEEEING.
  1280 | D:2      | 1280 ||| FLEEEEING.
  1281 | D:2      | 1281 ||| FLEEEEING.
  1282 | D:2      | 1282 ||| FLEEEEING.
  1283 | D:2      | 1283 ||| FLEEEEING.
  1284 | D:2      | 1284 ||| FLEEEEING.
  1286 | D:2      | 1286 ||| FLEEEEING.
  1287 | D:2      | 1287 ||| FLEEEEING.
  1289 | D:2      | 1289 ||| FLEEEEING.
  1290 | D:2      | 1290 ||| FLEEEEING.
  1291 | D:2      | 1291 ||| FLEEEEING.
  1292 | D:2      | 1292 ||| FLEEEEING.
  1293 | D:2      | 1293 ||| FLEEEEING.
  1294 | D:2      | 1294 ||| FLEEEEING.
  1295 | D:2      | 1295 ||| FLEEEEING.
  1297 | D:2      | 1297 ||| FLEEEEING.
  1298 | D:2      | 1298 ||| FLEEEEING.
  1299 | D:2      | 1299 ||| FLEEEEING.
  1300 | D:2      | 1300 ||| STAIRDANCE
  1340 | D:1      | 1340 ||| READING scroll labelled GYNUIFRU QISCH.
  1345 | D:1      | 1345 ||| READING scroll labelled VAJ BOLINUEGH.
  1346 | D:1      | 1346 ||| DRINKING 2 sapphire potions.
  1389 | D:2      | 1389 ||| Stepping ~*~*~tactically~*~*~ (stealth).
  1390 | D:2      | 1390 ||| Stepping ~*~*~tactically~*~*~ (stealth).
  1402 | D:2      | 1402 ||| Stepping ~*~*~tactically~*~*~ (stealth).
  1720 | D:2      | 1720 ||| Stepping randomly (stuck).
  1827 | D:3      | Found a shimmering blue altar of Sif Muna.
  1833 | D:3      | 1833 ||| Stepping ~*~*~tactically~*~*~ (stealth).
  1898 | D:3      | Reached skill level 5 in Axes
  1919 | D:3      | 1919 ||| Stepping ~*~*~tactically~*~*~ (hiding).
  1937 | D:3      | HP: 3/26 [gnoll/+0 club (5)]
  1938 | D:3      | 1938 ||| DRINKING potion of heal wounds.
  1942 | D:3      | Gained mutation: Your magical nature lets you fly swiftly
                  | and evasively. [Tengu growth]
  1942 | D:3      | Reached XP level 5. HP: 7/30 MP: 9/9
  1942 | D:3      | HP: 2/30 [gnoll/+0 club (5)]
  2166 | D:3      | 2166 ||| FLEEEEING.
  2267 | D:3      | 2267 ||| DROPPING +2 mace of holy wrath.
  2312 | D:3      | 2312 ||| Stepping ~*~*~tactically~*~*~ (stealth).
  2315 | D:3      | 2315 ||| Stepping ~*~*~tactically~*~*~ (hiding).
  2343 | D:3      | Reached skill level 6 in Axes
  2435 | D:3      | 2435 ||| FLEEEEING.
  2600 | D:3      | 2600 ||| Stepping ~*~*~tactically~*~*~ (stealth).
  2609 | D:3      | 2609 ||| FLEEEEING.
  2610 | D:3      | 2610 ||| FLEEEEING.
  2613 | D:3      | 2613 ||| FLEEEEING.
  2614 | D:3      | 2614 ||| FLEEEEING.
  2615 | D:3      | 2615 ||| FLEEEEING.
  2616 | D:3      | 2616 ||| FLEEEEING.
  2617 | D:3      | 2617 ||| FLEEEEING.
  2618 | D:3      | 2618 ||| FLEEEEING.
  2619 | D:3      | 2619 ||| FLEEEEING.
  2620 | D:3      | 2620 ||| FLEEEEING.
  2621 | D:3      | 2621 ||| FLEEEEING.
  2622 | D:3      | 2622 ||| FLEEEEING.
  2629 | D:3      | 2629 ||| FLEEEEING.
  2641 | D:3      | 2641 ||| FLEEEEING.
  2642 | D:3      | 2642 ||| FLEEEEING.
  2643 | D:3      | 2643 ||| FLEEEEING.
  2644 | D:3      | 2644 ||| FLEEEEING.
  2645 | D:3      | 2645 ||| FLEEEEING.
  2646 | D:3      | 2646 ||| FLEEEEING.
  2652 | D:3      | 2652 ||| FLEEEEING.
  2679 | D:3      | 2679 ||| FLEEEEING.
  2680 | D:3      | 2680 ||| FLEEEEING.
  2681 | D:3      | 2681 ||| FLEEEEING.
  2683 | D:3      | 2683 ||| FLEEEEING.
  2686 | D:3      | 2686 ||| FLEEEEING.
  2687 | D:3      | 2687 ||| FLEEEEING.
  2688 | D:3      | 2688 ||| FLEEEEING.
  2689 | D:3      | 2689 ||| FLEEEEING.
  2690 | D:3      | 2690 ||| FLEEEEING.
  2691 | D:3      | 2691 ||| STAIRDANCE
  2773 | D:2      | 2773 ||| READING scroll labelled ODAABB EKADAUR.
  3267 | D:3      | 3267 ||| Stepping ~*~*~tactically~*~*~ (hiding).
  3396 | D:3      | 3396 ||| READING scroll labelled JESILOLYRU.
  3397 | D:3      | 3397 ||| READING scroll labelled ELIPIPPENE.
  3398 | D:3      | 3398 ||| Stepping randomly (stuck).
  3399 | D:3      | 3399 ||| Stepping ~*~*~tactically~*~*~ (cloud).
  3408 | D:3      | HP: 7/30 [poisoned by you (poison gas)]
  3506 | D:3      | 3506 ||| FLEEEEING.
  3524 | D:3      | 3524 ||| FLEEEEING.
  3525 | D:3      | 3525 ||| FLEEEEING.
  3550 | D:3      | Reached XP level 6. HP: 19/35 MP: 10/10
  3703 | D:4      | 3703 ||| Stepping ~*~*~tactically~*~*~ (hiding).
  3718 | D:4      | HP: 8/35 [orc priest/+0 short sword (3)]
  3719 | D:4      | HP: 2/35 [orc priest/nerve-wracking pain (6)]
  4045 | D:4      | Found a stormy altar of Qazlal.
  4113 | D:4      | HP: 5/35 [iguana (8)]
  4115 | D:4      | Reached skill level 7 in Axes
  4257 | D:4      | 4257 ||| FLEEEEING.
  4258 | D:4      | 4258 ||| FLEEEEING.
  4536 | D:4      | Found Mylegg's Antique Weapon Emporium.
  4554 | D:4      | Found a hazy altar of Hepliaklqana.
  4596 | D:4      | 4596 ||| FLEEEEING.
  4598 | D:4      | 4598 ||| FLEEEEING.
  4599 | D:4      | 4599 ||| FLEEEEING.
  4612 | D:4      | 4612 ||| FLEEEEING.
  4613 | D:4      | 4613 ||| FLEEEEING.
  4614 | D:4      | 4614 ||| FLEEEEING.
  4615 | D:4      | 4615 ||| FLEEEEING.
  4616 | D:4      | 4616 ||| FLEEEEING.
  4617 | D:4      | 4617 ||| FLEEEEING.
  4618 | D:4      | 4618 ||| FLEEEEING.
  4619 | D:4      | 4619 ||| FLEEEEING.
  4625 | D:4      | 4625 ||| FLEEEEING.
  4626 | D:4      | 4626 ||| FLEEEEING.
  4637 | D:4      | 4637 ||| FLEEEEING.
  4638 | D:4      | 4638 ||| FLEEEEING.
  4831 | D:4      | 4831 ||| BUYING glowing war axe (162 gold).
  4831 | D:4      | Bought a glowing war axe for 162 gold pieces
  4831 | D:4      | 4831 ||| SWAPPING to +3 war axe.
  4832 | D:4      | 4832 ||| DROPPING +1 hand axe.
  4848 | D:4      | 4848 ||| Stepping ~*~*~tactically~*~*~ (hiding).
  4974 | D:4      | 4974 ||| Stepping ~*~*~tactically~*~*~ (hiding).
  4978 | D:4      | 4978 ||| Stepping ~*~*~tactically~*~*~ (hiding).
  4981 | D:4      | HP: 7/36 [orc priest/+0 mace (5)]
  4983 | D:4      | Reached skill level 3 in Fighting
  4984 | D:4      | HP: 3/37 [orc priest/+0 trident (5)]
  4985 | D:4      | HP: 1/37 [orc priest/+0 trident (2)]
  4988 | D:4      | 4988 ||| Stepping ~*~*~tactically~*~*~ (stealth).
  4989 | D:4      | 4989 ||| Stepping ~*~*~tactically~*~*~ (stealth).
  4994 | D:4      | 4994 ||| Stepping ~*~*~tactically~*~*~ (stealth).
  5122 | D:4      | 5122 ||| Stepping ~*~*~tactically~*~*~ (stealth).
  5431 | D:4      | 5431 ||| Stepping ~*~*~tactically~*~*~ (hiding).
  5432 | D:4      | 5432 ||| Stepping ~*~*~tactically~*~*~ (hiding).
  5471 | D:4      | 5471 ||| Stepping ~*~*~tactically~*~*~ (stealth).
  5484 | D:4      | Reached XP level 7. HP: 27/41 MP: 11/11
  5761 | D:4      | Found an ancient bone altar of Kikubaaqudgha.
  5830 | D:4      | 5830 ||| READING scroll labelled FIOHEU NYNYAGH.
  5853 | D:5      | Entered Level 5 of the Dungeon
  5860 | D:5      | Noticed Blork the orc
  5861 | D:5      | 5861 ||| Stepping ~*~*~tactically~*~*~ (hiding).
  5863 | D:5      | 5863 ||| Stepping ~*~*~tactically~*~*~ (hiding).
  5865 | D:5      | 5865 ||| Stepping ~*~*~tactically~*~*~ (hiding).
  5865 | D:5      | Found a staircase to the Ecumenical Temple.
  5866 | D:5      | 5866 ||| PLANNING TEMPLE
  5870 | D:5      | HP: 9/41 [Blork the orc/+1 halberd of protection (18)]
  5873 | D:5      | Mangled by Blork the orc

Levels and vault maps discovered:
D:1:      amcnicky_arrival_feature_with_door, layout_rooms,
          hellmonk_ecumenical_altar_inner_sanctum, minmay_fountain_box,
          minmay_close_crescents
D:2:      layout_rooms
D:3:      layout_loops_corners, nicolae_sif_muna_condensation
D:4:      layout_loops_ring, nicolae_qazlal_scattered_showers,
          mainiacjoe_overflow_six_doors_small, mainiacjoe_overflow_tiny_flanked,
          serial_shops, shop_statue, bh_walls_and_bars
D:5:      layout_cave_pools, mainiacjoe_overflow_concentric_impassable,
          minmay_temple_entry_large_hall, serial_co_window_serial,
          co_window_corner_a, co_window_corner_a, co_window_paths_a,
          co_window_paths_b, co_window_paths_a, co_window_paths_b,
          co_window_unsneaky_path_a, co_window_2corner, co_window_paths_c,
          co_window_4corner_a, co_window_paths_e, glass_columns_c,
          uniq_blork_the_orc, uniq_duvessa

Skill      XL: |  1  2  3  4  5  6 |
---------------+-------------------+-----
Axes           | 3 4 5 6 7 |  7.7
Fighting       | 3 |  3.1
Throwing       | |  1.0
Armour         | |  1.1
Dodging        | |  2.1
Spellcasting   | |  2.0
Translocations | |  2.4

Action                   |  1- 3 |  4- 6 |  7- 9 || total
-------------------------+-------+-------+-------++-------
Melee: Hand axe          |    63 |   126 |       ||   189
       Peck              |    12 |    15 |     2 ||    29
       Kick              |    16 |    39 |     3 ||    58
       Punch             |       |     1 |     1 ||     2
       War axe           |       |    22 |     7 ||    29
Throw: Boomerang         |     7 |    35 |       ||    42
  Use: Scroll            |     2 |     5 |     1 ||     8
       Potion            |     1 |     2 |       ||     3
Armor: Leather armour    |     7 |       |       ||     7
       Scale mail        |     8 |    47 |       ||    55
Dodge: Dodged            |    23 |    58 |     5 ||    86

Table legend:
 A = Non-vault XP
 B = Vault XP
 C = Vault XP percentage of total XP
 D = Non-vault monster count
 E = Vault monster count
 F = Vault count percentage of total count
                 A         B        C        D         E       F
            +---------+---------+-------+---------+---------+-------
      Total |     678 |       7 |   1.0 |      87 |       4 |   4.4
            +---------+---------+-------+---------+---------+-------
        D:1 |      45 |       7 |  13.5 |      25 |       4 |  13.8
        D:2 |      53 |       0 |   0.0 |      19 |       0 |   0.0
        D:3 |     216 |       0 |   0.0 |      24 |       0 |   0.0
        D:4 |     364 |       0 |   0.0 |      19 |       0 |   0.0
            +---------+---------+-------+---------+---------+-------
